 Dungeon Crawl Stone Soup version 0.27-a0-732-ga892ba84f6 (webtiles) character file.

Game seed: 6228683587751092528

26492 Armakuni the Mender (level 12, 106/106 HPs)
             Began as a Pale Draconian Monk on Mar 11, 2021.
             Was a Priest of Elyvilon.
             Got out of the dungeon alive.
             The game lasted 00:42:25 (13535 turns).

Armakuni the Mender (Pale Draconian Monk)          Turns: 13535, Time: 00:42:26

Health: 106/106    AC: 11    Str: 15    XL:     12   Next: 98%
Magic:  22/22      EV: 16    Int: 15    God:    Elyvilon [***...]
Gold:   1279       SH:  5    Dex: 13    Spells: 11/11 levels left

rFire    . . .     SeeInvis +     - Unarmed
rCold    . . .     Faith    .   g - +0 buckler
rNeg     . . .     Spirit   .   (armour unavailable)
rPois    .         Reflect  .   d - +1 hat of Boredom {rElec Regen+}
rElec    +         Harm     .   m - +1 cloak
rCorr    .         Rampage  .   (no gloves)
Will     .....                  (no boots)
Stlth    ++........             (no amulet)
HPRegen  1.27/turn              I - ring of see invisible
MPRegen  0.18/turn              S - +4 ring of slaying

@: no status effects
A: breathe steam, AC +8, unfitting armour, cold-blooded, steam resistance
a: Breathe Steam, Renounce Religion, Lesser Healing, Heal Other, Purification,
Divine Protection


You escaped.
You worshipped Elyvilon.
Elyvilon was most pleased with you.
You visited 3 branches of the dungeon, and saw 13 of its levels.
You also visited: Ossuary and Bailey.

You collected 1366 gold pieces.
You spent 87 gold pieces at shops.

Inventory:

Hand Weapons
 b - a +2 demon blade of venom
 x - a +5 broad axe
Missiles
 f - 45 boomerangs
 h - a throwing net
 y - 5 javelins
Armour
 d - the +1 hat of Boredom (worn) {rElec Regen+}
   (You found it on level 1 of the Orcish Mines)

   It insulates you from electricity.
   It increases your rate of regeneration.
 g - a +0 buckler (worn)
 m - a +1 cloak (worn)
Magical Staves
 B - a staff of cold
Jewellery
 A - a +4 ring of protection
 F - a ring of protection from fire
 I - a ring of see invisible (right hand)
 J - a ring of ice
 S - a +4 ring of slaying (left hand)
Wands
 C - a wand of flame (12)
 D - a wand of digging (3)
Scrolls
 k - 9 scrolls of teleportation
 l - 4 scrolls of blinking
 o - a scroll of immolation
 r - 2 scrolls of fear
 s - 2 scrolls of amnesia
 v - a scroll of holy word
 E - a scroll of enchant armour
Potions
 a - 6 potions of heal wounds
 c - 2 potions of resistance
 j - 6 potions of curing
 n - a potion of attraction
 p - 2 potions of brilliance
 t - a potion of lignification
 u - 6 potions of haste
 z - a potion of flight
 G - a potion of cancellation
Miscellaneous
 w - a phial of floods (inert)


   Skills:
 - Level 10.0 Fighting
 - Level 10.0 Dodging
 - Level 1.7 Stealth
 - Level 4.0 Shields
 - Level 10.0 Unarmed Combat
 + Level 14.0 Invocations
 - Level 4.0 Evocations


You had 11 spell levels left.
You didn't know any spells.
Your spell library contained the following spells:

 Spells                   Type           Power      Damage    Failure   Level
 Foxfire                  Conj/Fire      0%         2x1d4     26%         1
 Conjure Flame            Conj/Fire      0%         6-21      63%         3
 Inner Flame              Hex/Fire       0%         N/A       63%         3
 Sticky Flame             Conj/Fire      0%         2d3       95%         4
 Fireball                 Conj/Fire      0%         3d3       100%        5


Dungeon Overview and Level Annotations

Branches:
Dungeon (10/15)            Temple (1/1) D:4            Lair (0/6) D:10
    Orc (2/2) D:10            Elf (0/3) Orc:2       Ossuary (visited)
 Bailey (visited)

Altars:
Ashenzari
Cheibriados
Dithmenos
Elyvilon
Fedhas
Gozag
Hepliaklqana
Kikubaaqudgha
Makhleb
Nemelex Xobeh
Okawaru
Qazlal
Ru
Sif Muna
Trog
Uskayaw
Vehumet
Wu Jian
Xom
Yredelemnul
Zin
The Shining One
Beogh

Shops:
D:6 (   Orc:2 !(**

Annotations:
D:5 3 runed translucent doors, kae's ghost, novice DsTm
Orc:1 Neptetom's ghost, journeyman GnCj


Innate Abilities, Weirdness & Mutations

You can breathe blasts of scalding, opaque steam.
Your pale cyan-grey scales are hard. (AC +8)
You cannot fit into any form of body armour.
You are cold-blooded and may be slowed by cold attacks.
You are immune to the effects of steam.


Message History

There is a stone staircase leading down here.
Items here: )))) [[.
There is a staircase back to the Dungeon here.
You climb upwards.
Welcome back to the Dungeon!
There is a staircase to the Orcish Mines here.
There is a stone staircase leading up here.
You climb upwards.
There is a stone staircase leading down here.
There is a stone staircase leading up here.
You climb upwards.
There is a stone staircase leading down here.
There is a stone staircase leading up here.
You climb upwards.
There is a stone staircase leading down here.
There is a stone staircase leading up here.
You climb upwards.
There is a stone staircase leading down here.
You see here a +0 giant club.
There is a stone staircase leading up here.
You climb upwards.
Level annotation: 3 runed translucent doors, kae's ghost, novice DsTm
There is a stone staircase leading down here.
You see here a +0 war axe of draining.
Things that are here:
a +0 leather armour; a +0 trident
There is a stone staircase leading up here.
You climb upwards.
There is a stone staircase leading down here.
There is a stone staircase leading up here.
You climb upwards.
There is a stone staircase leading down here.
There is a stone staircase leading up here.
You climb upwards.
There is a stone staircase leading down here.
There is a stone staircase leading up here.
You climb upwards.
There is a stone staircase leading down here.
There is a staircase leading out of the dungeon here.
Are you sure you want to leave the Dungeon?
This will make you lose the game!
You have escaped!

###...###.................#
.....## #.................#
####.# #........###......# ## #.#
#.......#...##....# #. ####.#
#......#......#...# #. .....#
#......#.......#..######. )....#
#.....#........#......[#. .....#
#.....#.........#......#. .....#
#.....#.@.#.....#......#. .....#
#.....#..#......#.##.###. ######
#......#.#......#.##.# ##
##......#......(.#.##.# #
#........#.......#.##.# #
#................#.##.#### ######
#...............#..##.....
.....###...............#..#####..
####..................#......##.#


There were no monsters in sight!

Vanquished Creatures
  A centaur warrior (D:10)
  3 two-headed ogres
  An orc high priest (Orc:2)
  Urug (D:10)
  Pikel (D:5)
  An orc knight (Bailey)
  An orc sorcerer (Orc:2)
  A centaur skeleton (D:10)
  3 trolls
  Grinder (D:5)
  A wyvern (D:9)
  5 wargs
  A water moccasin (D:8)
  Duvessa (D:6)
  A black bear (D:8)
  28 orc warriors
  A necrophage (D:7)
  5 sky beasts
  6 ogres
  5 centaurs
  2 wolves (D:10)
  2 phantoms
  4 lemures (D:5)
  An elf zombie (Ossuary)
  4 kobold brigands
  Blork the orc (D:6)
  9 bullfrogs
  A gnoll sergeant (Orc:2)
  6 scorpions
  Dowan (D:6)
  6 killer bees (D:8)
  5 wights (D:8)
  An electric eel (D:10)
  A centaur zombie (D:5)
  11 hounds
  4 jellies
  A bullfrog zombie (D:10)
  A human zombie (Ossuary)
  33 orc priests
  Jessica (D:3)
  A gnoll shaman (D:4)
  Ijyb (D:4)
  4 iguanas
  6 worker ants
  13 orc wizards
  2 hound zombies (Ossuary)
  4 mummies (Ossuary)
  17 adders
  8 gnolls
  5 shadow imps
  2 white imps
  3 ufetubi
  2 oozes (D:3)
  An adder zombie (D:5)
  5 worms
  15 dart slugs
  79 orcs
  5 removed leopard geckos
  A ball python (D:3)
  5 giant cockroaches
  9 goblins
  8 hobgoblins
  8 jackals
  24 kobolds
  6 quokkas
  6 bats
  4 frilled lizards
  2 jackal skeletons
  2 quokka zombies
  9 rats
  A rat zombie (Ossuary)
  A removed leopard gecko zombie (D:6)
422 creatures vanquished.

Vanquished Creatures (collateral kills)
  An elf zombie (Ossuary)
  An adder zombie (Ossuary)
  A gnoll zombie (Ossuary)
  A jackal zombie (Ossuary)
  2 kobold zombies (Ossuary)
6 creatures vanquished.

Vanquished Creatures (others)
  An orc high priest (Orc:2)
  A moth of wrath (Orc:1)
  4 wargs (Orc:1)
  A centaur (D:6)
  An orc priest (Orc:2)
  3 worker ants (D:6)
  A hound zombie (Ossuary)
  A gnoll (D:6)
  8 orcs
  A jackal (D:6)
22 creatures vanquished.

Grand Total: 450 creatures vanquished

Notes
Turn   | Place    | Note
-------+----------+-------------------------------------------
     0 | D:1      | Armakuni the Draconian Monk began the quest for the Orb.
     0 | D:1      | Reached XP level 1. HP: 19/19 MP: 1/1
   378 | D:1      | Reached XP level 2. HP: 26/26 MP: 2/2
  1109 | D:2      | Found an iron altar of Okawaru.
  1165 | D:2      | Reached XP level 3. HP: 30/33 MP: 3/3
  1303 | D:2      | Found a glowing golden altar of the Shining One.
  1945 | D:3      | Found a radiant altar of Vehumet.
  1955 | D:3      | Reached XP level 4. HP: 28/41 MP: 4/4
  1980 | D:3      | Noticed Jessica
  1984 | D:3      | Killed Jessica
  2190 | D:3      | Reached skill level 1 in Shields
  2273 | D:3      | Reached XP level 5. HP: 47/47 MP: 5/5
  2722 | D:4      | Upgraded the game from 0.27-a0-597-g524d869a0f to
                  | 0.27-a0-631-g2d681adce0
  2759 | D:4      | Found a staircase to the Ecumenical Temple.
  2802 | D:4      | Reached XP level 6. HP: 44/55 MP: 6/6
  2818 | Temple   | Entered the Ecumenical Temple
  3137 | D:4      | Reached skill level 5 in Fighting
  3682 | D:4      | Reached skill level 5 in Unarmed Combat
  4076 | D:4      | Your scales start taking on a pale cyan-grey colour.
  4076 | D:4      | Reached XP level 7. HP: 48/62 MP: 7/7
  4076 | D:4      | Gained mutation: You are immune to the effects of steam.
                  | [Pale Draconian growth]
  4461 | D:4      | Noticed Ijyb
  4467 | D:4      | Killed Ijyb
  4493 | D:4      | Found a sparkling altar of Nemelex Xobeh.
  4588 | D:4      | Found a white marble altar of Elyvilon.
  4636 | D:4      | Became a worshipper of Elyvilon the Healer
  4636 | D:4      | Reached * piety under Elyvilon
  4636 | D:4      | Reached ** piety under Elyvilon
  4681 | D:5      | Entered Level 5 of the Dungeon
  5036 | D:5      | Found a shimmering blue altar of Sif Muna.
  5055 | D:5      | Reached skill level 1 in Invocations
  5126 | D:5      | Noticed Grinder
  5216 | D:5      | Killed Grinder
  5217 | D:5      | Reached skill level 2 in Invocations
  5281 | D:5      | Reached XP level 8. HP: 71/71 MP: 8/10
  5356 | D:5      | Noticed Pikel
  5386 | D:5      | Killed Pikel
  5387 | D:5      | Reached skill level 4 in Invocations
  5516 | D:5      | Found a runed translucent gate.
  5517 | D:5      | Found a runed translucent gate.
  5520 | D:5      | Found a runed translucent gate.
  5520 | D:5      | Noticed kae's ghost (novice DsTm)
  5522 | D:5      | Found a basalt altar of Yredelemnul.
  6208 | D:6      | Reached *** piety under Elyvilon
  6225 | D:6      | Reached skill level 5 in Invocations
  6295 | D:6      | Found a sand-covered staircase.
  6301 | D:6      | Reached XP level 9. HP: 60/81 MP: 12/12
  6312 | Ossuary  | Entered an ossuary
  6618 | D:6      | Found a glowing golden altar of the Shining One.
  6733 | D:6      | Noticed Dowan
  6734 | D:6      | Noticed Duvessa
  6738 | D:6      | Killed Dowan
  6744 | D:6      | Killed Duvessa
  6745 | D:6      | Reached skill level 6 in Invocations
  6898 | D:6      | Found a shimmering altar of Xom.
  6907 | D:6      | Noticed Blork the orc
  6910 | D:6      | Found Qeystom's Antique Weapon Boutique.
  6918 | D:6      | Killed Blork the orc
  7099 | D:6      | Reached **** piety under Elyvilon
  7368 | D:7      | Reached skill level 7 in Invocations
  7417 | D:7      | Found an ornate altar of the Wu Jian Council.
  7737 | D:7      | Found a broken altar of Ashenzari.
  8041 | D:8      | Reached XP level 10. HP: 74/93 MP: 15/15
  8262 | D:8      | Reached skill level 10 in Fighting
  8278 | D:8      | Reached skill level 8 in Invocations
  8543 | D:8      | Noticed a two-headed ogre
  8561 | D:8      | Killed a two-headed ogre
  8562 | D:8      | Reached skill level 10 in Unarmed Combat
  8562 | D:8      | Reached skill level 9 in Invocations
  8604 | D:8      | Found a blossoming altar of Fedhas.
  8682 | D:8      | Found a hazy altar of Hepliaklqana.
  8873 | D:9      | Noticed a two-headed ogre
  8889 | D:9      | Killed a two-headed ogre
  8890 | D:9      | Reached skill level 10 in Invocations
  9203 | D:9      | Found a snail-covered altar of Cheibriados.
  9320 | D:9      | Found a flagged portal.
  9326 | Bailey   | Entered a bailey
  9799 | Bailey   | Reached skill level 5 in Dodging
  9844 | Bailey   | Reached XP level 11. HP: 74/99 MP: 18/18
 10003 | Bailey   | Reached skill level 10 in Dodging
 10003 | Bailey   | Reached XP level 12. HP: 99/106 MP: 19/19
 10547 | D:10     | Entered Level 10 of the Dungeon
 10564 | D:10     | Found a staircase to the Lair.
 10580 | D:10     | Noticed Urug
 10656 | D:10     | Killed Urug
 10830 | D:10     | Noticed a two-headed ogre
 10841 | D:10     | Killed a two-headed ogre
 10842 | D:10     | Reached skill level 11 in Invocations
 11021 | D:10     | Noticed a centaur warrior
 11027 | D:10     | Killed a centaur warrior
 11214 | D:10     | Found a staircase to the Orcish Mines.
 11427 | Orc:1    | Entered Level 1 of the Orcish Mines
 11542 | Orc:1    | You fall into a shaft and drop 1 floor!
 11542 | Orc:2    | Entered Level 2 of the Orcish Mines
 11602 | Orc:1    | Reached ***** piety under Elyvilon
 11602 | Orc:1    | Found a transporter.
 11696 | Orc:1    | Found a transporter.
 11712 | Orc:1    | Noticed Neptetom's ghost (journeyman GnCj)
 11928 | Orc:1    | Reached skill level 12 in Invocations
 11942 | Orc:1    | Identified the +1 hat of Boredom {rElec Regen+}
 12102 | Orc:2    | Noticed an orc high priest
 12105 | Orc:2    | Pacified an orc high priest
 12251 | Orc:2    | Found a staircase to the Elven Halls.
 12266 | Orc:2    | Paralysed by an orc sorcerer for 2 turns
 12467 | Orc:2    | Noticed a boulder beetle
 12478 | Orc:2    | Pacified a boulder beetle
 12501 | Orc:2    | Noticed an orc high priest
 12524 | Orc:2    | Killed an orc high priest
 12525 | Orc:2    | Reached skill level 13 in Invocations
 12825 | Orc:2    | Noticed an orc high priest
 12831 | Orc:2    | Pacified an orc high priest
 12860 | Orc:2    | Noticed an orc high priest
 12861 | Orc:2    | Found Janleusm's Distillery.
 12861 | Orc:2    | Found Gomeme's Weapon Emporium.
 12861 | Orc:2    | Noticed an orc high priest
 12862 | Orc:2    | Pacified an orc high priest
 12865 | Orc:2    | Pacified an orc high priest
 12876 | Orc:2    | Killed an orc high priest
 12971 | Orc:2    | Found Guzef's Assorted Antiques.
 12971 | Orc:2    | Noticed an orc high priest
 12974 | Orc:2    | Pacified an orc high priest
 12997 | Orc:2    | Bought a scroll labelled GYNNIA ROAL for 29 gold pieces
 12997 | Orc:2    | Bought a scroll of identify for 58 gold pieces
 13012 | Orc:2    | Found Nida's Assorted Antiques.
 13095 | Orc:2    | Reached skill level 14 in Invocations
 13299 | Orc:2    | Upgraded the game from 0.27-a0-631-g2d681adce0 to
                  | 0.27-a0-732-ga892ba84f6
 13535 | D:$      | Got out of the dungeon alive.

Illustrated notes

Levels and vault maps discovered:
D:1:      dpeg_arrival_solitude, layout_loops_cross
D:2:      minmay_alternating_diamond, layout_basic, lemuel_doored_altar,
          tso_altar
D:3:      layout_rooms, lemuel_crystal_altar, kennysheep_doodads, uniq_jessica
D:4:      kennysheep_slugbush, layout_loops_ring,
          nemelex_xobeh_ov_fountains_minmay, nicolae_overflow_crystal_walls,
          minmay_temple_entry_stoned_glass, uniq_ijyb
D:5:      layout_loops_corners, nicolae_yredelemnul_ghost_church,
          nicolae_sif_muna_condensation, uniq_grinder, uniq_pikel
D:6:      layout_basic, enter_ossuary_2, basic_altar, serial_shops,
          nicolae_shop_window_shopping, xom_confusion_cloud, uniq_duvessa,
          uniq_blork_the_orc
D:7:      layout_loops_ring, lemuel_coloured_pillars_altar,
          pdpol_wu_jian_five_deadly_venoms
D:8:      layout_rooms, fedhas_altar_1, kennysheep_mini_moat,
          grunt_decor_fettered
D:9:      layout_rooms, cheibriados_altar_1, serial_co_window_serial,
          co_window_of_opportunity_a, co_window_paths_b, co_window_corner_a,
          co_window_paths_a, co_window_paths_a, co_window_corner_a,
          co_window_corner_a, co_window_cross_3, co_window_broadway_a,
          co_window_corner_ca, co_window_broadway_a, glass_columns_a,
          glass_columns_a, glass_columns_b, enter_bailey_2, interstate_on_off
D:10:     layout_long_grid, erik_lair_island, uniq_urug
Temple:   cyrus_temple_forest
Orc:1:    layout_caves, gammafunk_ghost_berserking_beasts, minmay_orc_keep
Orc:2:    st_orc_town, layout_caves, rock_pile

Skill      XL: |  1  2  3  4  5  6  7  8  9 10 11 12 |
---------------+-------------------------------------+-----
Fighting       | 4 5 6 8 9 10 | 10.0
Unarmed Combat | 4 5 6 7 9 10 | 10.0
Shields        | 2 4 |  4.0
Invocations    | 2 5 7 10 14 | 14.0
Dodging        | 5 10 | 10.0
Evocations     | 4 |  4.0
Stealth        | |  1.7

Action                   |  1- 3 |  4- 6 |  7- 9 | 10-12 || total
-------------------------+-------+-------+-------+-------++-------
Melee: Unarmed           |   160 |   265 |   292 |   483 ||  1200
       Tailslap          |    20 |    38 |    50 |    59 ||   167
Throw: Dart              |       |    38 |       |       ||    38
       Boomerang         |       |     4 |       |     5 ||     9
Invok: Lesser Healing    |       |       |     7 |    54 ||    61
       Purification      |       |       |       |     2 ||     2
       Heal Other        |       |       |       |    21 ||    21
 Abil: Breathe Steam     |       |       |    45 |    62 ||   107
Evoke: Wand              |       |       |     5 |    44 ||    49
       Phial of floods   |       |       |       |     1 ||     1
  Use: Scroll            |     6 |     2 |     9 |    11 ||    28
       Potion            |       |       |       |     2 ||     2
 Stab: Sleeping          |     9 |     2 |     1 |     2 ||    14
       Distracted        |       |       |     2 |       ||     2
       Paralysed         |       |       |       |    12 ||    12
Armor: Skin              |    38 |    63 |    85 |   123 ||   309
Dodge: Dodged            |    84 |   105 |   131 |   346 ||   666
Block: Buckler           |       |    44 |    44 |   135 ||   223

Table legend: (Time is in decaauts)
 A = Elapsed time spent in this place.
 B = Non-inter-level travel time spent in this place.
 C = Inter-level travel time spent in this place.
 D = Time resting spent in this place.
 E = Time spent auto-exploring this place.
 F = Levels seen in this place.
 G = Mean time per level.
                   A        B        C        D        E       F      G
               +--------+--------+--------+--------+--------+-----+--------+
         Total |  13390 |  12834 |    556 |   1788 |   7324 |  15 |  892.7 |
       Dungeon |  10303 |   9866 |    437 |   1144 |   6215 |  10 | 1030.3 |
        Temple |    121 |     87 |     34 |      0 |     86 |   1 |  121.0 |
  Orcish Mines |   1872 |   1787 |     85 |    305 |    734 |   2 |  936.0 |
       Ossuary |    265 |    265 |      0 |     78 |     61 |   1 |  265.0 |
        Bailey |    827 |    827 |      0 |    261 |    228 |   1 |  827.0 |
               +--------+--------+--------+--------+--------+-----+--------+

Top non-repeatable levels by time:
     D:4: 2098 daAuts
   Orc:2: 1266 daAuts
     D:5: 1247 daAuts
     D:2: 1127 daAuts
     D:7: 897 daAuts
     D:9: 886 daAuts
    D:10: 874 daAuts
     D:1: 854 daAuts
     D:8: 839 daAuts
  Bailey: 827 daAuts
     D:3: 769 daAuts
     D:6: 708 daAuts
   Orc:1: 605 daAuts
 Ossuary: 265 daAuts
  Temple: 121 daAuts
